 Dungeon Crawl Stone Soup version 0.26-b1-32-g5d43845318 (webtiles) character file.

Game seed: 6952838682792067503

84 Borgoz the Cudgeller (level 4, -6/38 HPs)
             Began as a Ghoul Gladiator on Jan 13, 2021.
             Mangled by an orc
             ... wielding a +0 trident
              (7 damage)
             ... while paralysed
             ... on level 3 of the Dungeon.
             The game lasted 00:01:45 (2104 turns).

Borgoz the Cudgeller (Ghoul Gladiator)              Turns: 2104, Time: 00:01:46

Health: -6/38      AC:  5    Str: 17 (18) XL:     4   Next: 45%
Magic:  3/3        EV:  2    Int:  0 (3)  God:
Gold:   47         SH:  0    Dex:  7 (10) Spells: 3/3 levels left

rFire    . . .     SeeInvis .   a - +0 flail
rCold    + . .     Faith    .   (no shield)
rNeg     + + +     Spirit   .   b - +0 leather armour
rPois    ∞         Reflect  .   c - +0 helmet
rElec    .         Harm     .   (no cloak)
rCorr    .         Rampage  .   n - +0 pair of gloves
Will     .....                  (no boots)
Stlth    ..........             (no amulet)
HPRegen  0.00/turn              (no ring)
MPRegen  0.08/turn              (no ring)

@: confused, paralysed, mighty, slowed, lost intelligence
A: claws 1, cold resistance 1, negative energy resistance 3, inhibited
regeneration, torment resistance, unbreathing
a: no special abilities


You were on level 3 of the Dungeon.
You visited 1 branch of the dungeon, and saw 3 of its levels.

You collected 47 gold pieces.

Inventory:

Hand Weapons
 a - a +0 flail (weapon)
Missiles
 d - 3 throwing nets (quivered)
Armour
 b - a +0 leather armour (worn)
 c - a +0 helmet (worn)
 n - a +0 pair of gloves (worn)
Scrolls
 f - a scroll of noise {unknown}
 g - a scroll of identify {unknown}
 j - a scroll of enchant armour {unknown}
 l - a scroll of remove curse {unknown}
 o - a scroll of fear {unknown}
Potions
 e - 2 potions of lignification


   Skills:
 * Level 3.1 Fighting
 * Level 3.3 Maces & Flails
 - Level 1.7 Throwing
 * Level 1.5 Armour
 * Level 3.2 Dodging


You had 3 spell levels left.
You didn't know any spells.
Your spell library was empty.

Dungeon Overview and Level Annotations

Branches:
Dungeon (3/15)

Altars:
Gozag


Innate Abilities, Weirdness & Mutations

You thrive by killing the living.
You are immune to poison.
You have sharp fingernails.
Your flesh is cold resistant. (rC+)
You are immune to negative energy. (rN+++)
You do not regenerate when monsters are visible.
You are immune to unholy pain and torment.
You can survive without breathing.


Message History

The orc wizard hits you with a +0 dagger.
* * * LOW HITPOINT WARNING * * *
The orc barely misses you.
It was a potion of magic.
Magic courses through your body.
The orc wizard gestures at you while chanting.
You are confused.
The orc hits you from afar with a +0 trident.
* * * LOW HITPOINT WARNING * * *
It was a potion of might.
You feel very mighty all of a sudden. The orc wizard completely misses you.
The orc hits you but does no damage.
It was a potion of degeneration.
There was something very wrong with that liquid.
You feel weakened.
You feel dopey.
You have lost your intelligence.
You feel clumsy. The orc wizard casts a spell at you.
You resist with some effort. The orc barely misses you.
The orc wizard hits you but does no damage.
The orc hits you from afar with a +0 trident!
You die...

...#### ..)..#
#>...+ #....#
#....# #....#
#..<.#
#.#'#######.####
..
#.....@ooo....
..#
#########.#.##
.#


You could see an orc wizard and 2 orcs.

Vanquished Creatures
  A gnoll (D:1)
  An adder (D:2)
  4 oozes
  A dart slug (D:2)
  A leopard gecko (D:1)
  An orc (D:3)
  A giant cockroach (D:1)
  5 goblins
  3 hobgoblins
  6 jackals
  3 kobolds (D:1)
  2 ball pythons (D:2)
  4 bats (D:1)
  6 frilled lizards
  3 rats
42 creatures vanquished.

Notes
Turn   | Place    | Note
-------+----------+-------------------------------------------
     0 | D:1      | Borgoz the Ghoul Gladiator began the quest for the Orb.
     0 | D:1      | Reached XP level 1. HP: 17/17 MP: 0/0
   135 | D:1      | Reached XP level 2. HP: 25/25 MP: 1/1
   398 | D:1      | Reached XP level 3. HP: 16/30 MP: 2/2
   405 | D:1      | Reached skill level 1 in Armour
  1182 | D:2      | Reached XP level 4. HP: 34/38 MP: 3/3
  1716 | D:2      | Found an opulent altar of Gozag.
  2101 | D:3      | HP: 1/38 [orc/+0 trident (6)]
  2103 | D:3      | Lost intelligence.
  2104 | D:3      | Mangled by an orc

Illustrated notes

Levels and vault maps discovered:
D:1:      minmay_arrival_five_plusses, layout_loops_ring,
          minmay_misc_feat_cross, st_stairs_6
D:2:      layout_basic, lemuel_doored_altar
D:3:      minmay_evil_eye, layout_basic, overflow_temple_1_default,
          chequers_ecumenical_altar_simple_redux

Skill      XL: |  1  2  3 |
---------------+----------+-----
Dodging        | 3 |  3.2
Maces & Flails | 3 |  3.3
Armour         | 1 |  1.5
Fighting       | 3 |  3.1
Throwing       | |  1.7

Action                   |  1- 3 |  4- 6 || total
-------------------------+-------+-------++-------
Melee: Flail             |   139 |    51 ||   190
  Use: Potion            |       |     6 ||     6
Armor: Leather armour    |    62 |    23 ||    85
Dodge: Dodged            |    98 |    32 ||   130
